Map: Acid Plant LE

Players

Pliskin - Winner!

  • Race: Protoss Protoss
  • League: Master
  • Spawn Location: 11:00

Prevail

  • Race: Zerg Zerg
  • League: Master
  • Spawn Location: 5:00

VOD

Have the link to the VOD?

Description

Time

  • Played on: June 22, 2018, 8:23 p.m.
  • Length: 14:56
Show
View Real Time Build Order
Export as new Build Order

Pliskin Protoss - Winner!

Build Orders: 1 Gate Expand, Zealot Archon 

Get SALT Encoding   

  12  0:00  Probe  
  13  0:12  Probe  
  14  0:20  Pylon  
  14  0:24  Probe  
  15  0:37  Probe  
  15  0:39  Gateway  
  16  0:45  Probe  
  17  0:52  Assimilator  
  17  0:53  Probe  
  18  1:04  Probe  
  19  1:27  Nexus  
  19  1:38  Cybernetics Core  
  19  1:40  Probe  
  20  1:48  Probe  
  20  1:51  Pylon  
  21  1:56  Probe  
  22  2:02  Assimilator  
  22  2:06  Probe, Adept  
  25  2:16  Warp Gate  
  25  2:24  Probe  
  25  2:26  Adept  
  26  2:36  Probe  
  29  2:52  Probe  
  29  2:54  Probe  
  29  2:56  Stargate  
  31  3:02  Adept  
  31  3:04  Probe  
  31  3:05  Probe  
  35  3:13  Probe  
  35  3:16  Probe  
  37  3:21  Probe  
  37  3:24  Gateway  
  38  3:28  Probe, Gateway  
  38  3:32  Probe  
  40  3:40  Probe  
  41  3:44  Probe, Gateway x2  
  42  3:50  Pylon  
  42  3:53  Probe  
  43  3:56  Probe  
  44  4:05  Probe  
  44  4:08  Probe, Oracle  
  49  4:17  Probe  
  49  4:20  Probe  
  49  4:22  Nexus  
  51  4:25  Pylon, Gateway  
  51  4:29  Probe  
  51  4:32  Probe  
  51  4:35  Sentry  
  51  4:37  Pylon  
  54  4:39  Pylon  
  54  4:46  Pylon  
  54  4:47  Pylon  
  54  4:55  Assimilator, Probe x2, Phoenix  
  54  4:56  Assimilator  
  58  5:06  Adept x2  
  58  5:07  Probe x2, Adept  
  64  5:08  Gateway  
  64  5:12  Twilight Council  
  66  5:18  Nexus  
  66  5:19  Probe x2  
  68  5:25  Pylon  
  68  5:29  Adept x2  
  68  5:31  Probe  
  68  5:32  Probe  
  74  5:37  Zealot  
  76  5:43  Probe  
  76  5:47  Probe, Robotics Facility  
  78  5:53  Charge  
  78  5:55  Probe  
  70  6:01  Probe  
  70  6:02  Pylon  
  70  6:03  Probe  
  70  6:07  Dark Shrine  
  70  6:11  Probe  
  71  6:14  Sentry, Probe  
  74  6:19  Probe  
  75  6:26  Warp Prism, Probe  
  75  6:27  Shield Battery  
  75  6:29  Assimilator  
  75  6:32  Zealot x3  
  82  6:33  Assimilator  
  84  6:44  Pylon  
  84  6:46  Probe  
  85  6:49  Probe  
  86  6:56  Probe, Robotics Bay  
  86  6:59  Forge  
  87  7:02  Immortal  
  87  7:03  Pylon  
  87  7:04  Sentry  
  87  7:05  Pylon, Zealot x3  
  99  7:26  Pylon, Gateway  
  99  7:27  Dark Templar x2  
  99  7:28  Colossus  
  103  7:40  Sentry  
  109  7:45  Extended Thermal Lance  
  109  7:47  Dark Templar  
  109  7:49  Protoss Ground Weapons Level 1  
  113  7:53  Gateway  
  113  7:54  Pylon  
  113  7:56  Archon  
  113  7:58  Gateway  
  113  8:01  Probe  
  113  8:02  Dark Templar  
  116  8:10  Colossus  
  114  8:27  Probe x2  
  121  8:28  Nexus  
  121  8:30  Pylon  
  121  8:31  Pylon  
  122  8:36  Gateway  
  122  8:38  Pylon  
  122  8:56  Pylon, Probe  
  122  8:59  Observer  
  123  9:03  Photon Cannon  
  123  9:04  Photon Cannon  
  124  9:16  Zealot x3  
  130  9:17  Dark Templar, Zealot  
  130  9:18  Zealot x2  
  130  9:23  Gravitic Drive  
  138  9:36  Assimilator  
  138  9:37  Protoss Ground Weapons Level 2  
  138  9:38  Templar Archives  
  138  9:40  Pylon  
  124  9:54  Warp Prism  
  124  9:55  Dark Templar x2  
  124  9:56  Zealot x3  
  124  9:57  Zealot x3  
  126  10:03  Assimilator  
  126  10:05  Psionic Storm  
  122  10:10  Pylon  
  122  10:12  Pylon, Stargate  
  122  10:22  Adept x6  
  134  10:31  Fleet Beacon  
  134  10:48  High Templar x3  
  140  10:50  Probe  
  141  11:03  High Templar x2  
  143  11:15  Tempest  
  143  11:17  Tempest  
  143  11:19  Dark Templar  
  143  11:20  Dark Templar x2  
  143  11:23  High Templar  
  161  11:44  Pylon  
  161  11:49  Protoss Air Armor Level 1  
  161  11:51  Dark Templar  
  163  11:55  Immortal  
  163  11:59  Pylon  
  157  12:09  Dark Templar x2  
  161  12:16  Zealot x5  
  161  12:21  Tempest  
  175  12:26  Tempest  
  163  12:38  Gateway  
  163  12:39  Gateway  
  163  12:41  Warp Prism, Archon  
  165  12:54  Tempest, Adept x6  
  177  12:58  Carrier  
  183  13:09  Graviton Catapult  
  189  13:26  Adept  
  185  13:54  Stargate  
  185  14:00  Sentry  
  173  14:22  Zealot x7  
  144  14:32  Zealot  
  132  14:48  High Templar x4  
  132  14:51  Dark Templar, Zealot x3  
Show
View Real Time Build Order
Export as new Build Order

Prevail Zerg 

Build Orders: Hatch First, Lurkers 

Get SALT Encoding   

  12  0:00  Drone  
  13  0:14  Overlord  
  13  0:17  Drone  
  14  0:32  Drone x2  
  16  0:49  Hatchery  
  15  0:52  Drone  
  15  0:56  Drone  
  17  0:59  Drone  
  18  1:09  Extractor  
  17  1:16  Spawning Pool  
  16  1:18  Drone  
  16  1:22  Drone  
  18  1:29  Drone  
  19  1:40  Drone  
  20  1:51  Overlord  
  20  2:02  Queen x2  
  20  2:04  Drone x2  
  26  2:10  Metabolic Boost  
  26  2:12  Drone  
  26  2:15  Zergling x2  
  28  2:22  Zergling x2  
  29  2:29  Drone  
  30  2:47  Hatchery  
  30  2:51  Drone x4  
  33  2:59  Overlord  
  33  3:01  Drone  
  34  3:08  Drone x2  
  36  3:16  Queen x2  
  36  3:17  Overlord  
  40  3:23  Drone  
  40  3:24  Drone x2  
  43  3:30  Drone, Evolution Chamber  
  43  3:33  Zergling x2  
  44  3:40  Zergling x4  
  46  3:46  Overlord x2  
  46  3:49  Spore Crawler  
  46  3:51  Spore Crawler  
  44  3:57  Zergling x12  
  50  4:05  Drone  
  51  4:10  Drone x3  
  51  4:11  Zerg Melee Weapons Level 1  
  54  4:22  Drone x3  
  55  4:24  Lair, Extractor  
  54  4:31  Drone x2  
  56  4:40  Drone  
  56  4:41  Drone x2  
  57  4:47  Drone x5  
  57  4:49  Extractor  
  57  4:50  Roach Warren  
  57  4:51  Extractor  
  57  5:06  Spore Crawler  
  56  5:09  Drone x3  
  60  5:15  Drone x8  
  68  5:26  Hydralisk Den, Overlord x3  
  67  5:32  Drone  
  67  5:33  Baneling Nest  
  67  5:36  Overseer  
  67  5:42  Zergling x2  
  68  5:43  Zergling x10  
  72  5:51  Zergling x2  
  72  5:52  Zergling x6  
  73  5:58  Hydralisk x4, Muscular Augments  
  81  6:08  Overlord  
  81  6:09  Overlord x2  
  81  6:11  Drone x2  
  83  6:20  Drone x3  
  83  6:24  Drone x4  
  90  6:27  Centrifical Hooks, Overlord  
  90  6:29  Hydralisk  
  92  6:34  Overlord  
  92  6:35  Overlord  
  92  6:38  Drone x2  
  94  6:42  Spine Crawler  
  93  6:49  Hydralisk  
  93  6:50  Hydralisk x2  
  93  6:54  Baneling x9  
  99  6:57  Zerg Missile Weapons Level 1, Drone x2  
  99  6:58  Drone x2  
  103  7:01  Extractor  
  103  7:04  Hydralisk x3  
  107  7:21  Hydralisk x5  
  117  7:26  Baneling  
  117  7:27  Baneling  
  117  7:28  Zergling x2  
  117  7:29  Zergling x20  
  122  7:49  Hydralisk x5  
  132  7:51  Drone x3  
  132  7:57  Extractor  
  134  8:04  Queen  
  134  8:05  Hatchery, Drone  
  137  8:06  Overlord x2  
  136  8:15  Lurker Den, Queen  
  136  8:18  Queen  
  135  8:21  Baneling  
  135  8:22  Baneling x7, Hydralisk  
  135  8:23  Zergling x4  
  135  8:25  Hydralisk  
  135  8:26  Zergling x2  
  135  8:27  Zergling x12  
  146  8:43  Overseer  
  146  8:50  Extractor  
  146  8:51  Extractor  
  146  8:52  Spore Crawler  
  146  8:53  Hydralisk  
  146  8:54  Hydralisk x4  
  146  8:55  Overlord  
  153  8:56  Overlord x4  
  153  9:04  Grooved Spines  
  153  9:05  Zerg Missile Weapons Level 2  
  153  9:11  Overlord x2  
  153  9:16  Zergling x12  
  153  9:17  Overseer, Zergling x4  
  161  9:18  Overseer  
  161  9:30  Overseer  
  160  9:38  Hydralisk x5  
  154  9:42  Baneling x2  
  160  10:09  Spire  
  160  10:10  Drone x2  
  160  10:11  Drone x10  
  171  10:18  Lurker x3  
  174  10:48  Hydralisk x9  
  192  10:54  Overlord x2  
  192  11:28  Lair  
  192  11:29  Overseer x2  
  192  11:30  Overseer x2  
  192  11:36  Lurker x5  
  197  11:57  Hatchery  
  191  12:23  Drone x8  
  191  12:29  Spine Crawler  
  197  12:30  Spine Crawler  
  197  12:31  Spine Crawler  
  197  12:32  Spine Crawler  
  192  12:52  Spine Crawler  
  192  12:53  Spine Crawler  
  192  12:57  Infestation Pit  
  189  12:59  Zerg Ground Armor Level 1, Spire  
  189  13:02  Hatchery  
  175  13:50  Hatchery, Hydralisk x7  
  175  13:51  Hydralisk x5  
  197  14:04  Hydralisk  
  184  14:20  Hydralisk x17  
  184  14:21  Hydralisk x2  
  169  14:33  Zergling x4  
  169  14:34  Zergling x8  
Tags
 
Add a new tag
Caveats
  • Supply blocks, unpowered buildings, or Contaminate may cause inaccurate times.
  • Supply counts are checked every 10 seconds.